 Dungeon Crawl Stone Soup version 0.29.1-1-gd02db6906a (webtiles) character file.

Game seed: 15322743121301368051

62864 avis the Marksdemigod (level 14, -1/111 HPs)
             Began as a Demigod Ice Elementalist on Oct 20, 2022.
             Slain by a death yak (13 damage)
             ... on level 4 of the Lair of Beasts on Oct 21, 2022.
             The game lasted 03:02:04 (23719 turns).

avis the Marksdemigod (Demigod Ice Elementalist)   Turns: 23719, Time: 03:02:06

Health: -1/111     AC: 16    Str:  9    XL:     14   Next: 28%
Magic:  10/22      EV: 15    Int: 17    God:
Gold:   898        SH: 10    Dex: 30    Spells: 12/19 levels left

rFire   . . .      SeeInvis +   a - +4 scimitar (flame)
rCold   . . .      Faith    .   J - +2 buckler
rNeg    . . .      Spirit   .   q - +0 steam dragon scales
rPois   +          Reflect  .   t - +0 helmet
rElec   .          Harm     .   D - +0 cloak
rCorr   .          Rampage  .   B - +0 pair of gloves
Will    +....                   f - +0 pair of boots
Stlth   +++.......              S - amulet of regeneration
HPRegen 1.08/turn               P - ring of poison resistance
MPRegen 0.18/turn               h - ring of see invisible

@: ice-armoured, freezing walls
A: high MP 1, forlorn, divine attributes
a: no special abilities


You were on level 4 of the Lair of Beasts.
You visited 3 branches of the dungeon, and saw 17 of its levels.
You also visited: Sewer, Ossuary and Bailey.

You collected 1429 gold pieces.
You spent 531 gold pieces at shops.

Inventory:

Hand Weapons
 a - a +4 scimitar of flaming (weapon)
 b - a +7 sling of flaming
 w - a +2 hand crossbow of freezing
Missiles
 o - 6 throwing nets
Armour
 f - a +0 pair of boots (worn)
 q - +0 steam dragon scales (worn)
 t - a +0 helmet (worn)
 B - a +0 pair of gloves (worn)
 D - a +0 cloak (worn)
 J - a +2 buckler (worn)
Jewellery
 g - a ring of see invisible
 h - a ring of see invisible (right hand)
 k - a ring of protection from fire
 P - a ring of poison resistance (left hand)
 S - an amulet of regeneration (around neck)
Wands
 c - a wand of flame (23)
 r - a wand of polymorph (18)
 y - a wand of charming (26)
 A - a wand of iceblast (20)
 E - a wand of digging (7)
 X - a wand of mindburst (6)
Scrolls
 d - 4 scrolls of blinking
 j - 6 scrolls of teleportation
 l - a scroll of brand weapon {unknown}
 p - 6 scrolls of magic mapping
 u - a scroll of enchant armour {unknown}
 x - 3 scrolls of noise {unknown}
 K - 2 scrolls of fog {unknown}
 R - a scroll of fear {unknown}
 W - 3 scrolls of vulnerability {unknown}
 Z - 2 scrolls of enchant weapon {unknown}
Potions
 i - 6 potions of ambrosia
 m - 2 potions of berserk rage
 s - 6 potions of flight
 v - 7 potions of curing
 z - 4 potions of heal wounds
 F - 2 potions of might
 I - 8 potions of cancellation
 L - 5 potions of magic
 M - 6 potions of haste
 N - 4 potions of brilliance
 O - 2 potions of lignification
 U - 2 potions of resistance
 V - 2 potions of invisibility
Miscellaneous
 G - a piece from Xom's chessboard (15/15)


   Skills:
 + Level 6.9 Fighting
 - Level 14.0 Long Blades
 * Level 15.0 Ranged Weapons
 - Level 4.0 Dodging
 - Level 2.0 Stealth
 - Level 6.0 Shields
 - Level 3.0 Spellcasting
 - Level 7.0 Ice Magic


You had 12 spell levels left.
You knew the following spells:

 Your Spells              Type           Power      Damage    Failure   Level
a - Freeze                Ice            100%       1d11      1%          1
o - Ozocubu's Armour      Ice            26%        N/A       3%          3
r - Frozen Ramparts       Ice            52%        1d8       3%          3

Your spell library contained the following spells:

 Spells                   Type           Power      Damage    Failure   Level
 Magic Dart               Conj           8%         1d3       22%         1
 Call Imp                 Summ           2%         N/A       32%         2
 Sublimation of Blood     Necr           2%         N/A       32%         2
 Hailstorm                Conj/Ice       14%        3d5       45%         4
 Ignite Poison            Fire/Tmut/Pois 2%         N/A       54%         3
 Mephitic Cloud           Conj/Pois/Air  2%         N/A       54%         3
 Petrify                  Tmut/Erth      2%         N/A       91%         4
 Freezing Cloud           Conj/Ice/Air   5%         6-21      94%         5
 Irradiate                Conj/Tmut      1%         3d12      99%         5


Dungeon Overview and Level Annotations

Branches:
Dungeon (11/15)            Temple (1/1) D:4            Lair (5/5) D:11
 Shoals (0/4) Lair:3       Spider (0/4) Lair:3        Slime (0/5) Lair:5
    Orc (0/2) D:11          Sewer (visited)         Ossuary (visited)
 Bailey (visited)

Shops:
D:2 *   D:5 :   D:9 (   D:10 (

Annotations:
D:3 1 runed translucent door, exclusion: door
D:10 2 transporters
Lair:3 2 transporters


Innate Abilities, Weirdness & Mutations

You have an increased reservoir of magic. (+10% MP)
You shall have no god before yourself.
Your divine heritage dramatically boosts your attributes as you level up.


Message History

The death yak is moderately wounded.
The wall freezes the death yak.
The wall freezes the death yak but does no damage.
Unknown command.
You feel much better.
The wall freezes the death yak. x2
You block the death yak's attack.
You hit the death yak. You burn the death yak.
The death yak is moderately wounded.
The wall freezes the death yak but does no damage.
The death yak gores you.
The wall freezes the death yak but does no damage.
The death yak gores you!!
* * * LOW HITPOINT WARNING * * *
You hit the death yak but do no damage.
The death yak is moderately wounded.
The frozen ramparts melt away.
Unknown command.
Casting: Frozen Ramparts (mildly dangerous; 3% risk of failure)
Confirm with . or Enter, or press ? or * to list all spells.
Casting: Frozen Ramparts (mildly dangerous; 3% risk of failure)
Press: ? - help, Dir - look around, f - activate The walls around you are covered in ice.
The wall freezes the death yak but does no damage.
The death yak closely misses you.
The wall freezes the death yak but does no damage.
You block the death yak's attack.
You hit the death yak but do no damage.
The death yak is moderately wounded.
The wall freezes the death yak.
The death yak gores you but does no damage.
The wall freezes the death yak.
The death yak gores you.
* * * LOW HITPOINT WARNING * * *
Unknown command.
You slice the death yak!! You burn the death yak!
The death yak is almost dead.
The wall freezes the death yak!
The death yak gores you!
* * * LOW HITPOINT WARNING * * *
The wall freezes the death yak but does no damage.
The death yak gores you!
You die...

~..................#...#......#..
.<......#...8...8......#.....#...
~.......#.....<.....#....รท.....(.
~...........8...8................
.........#..........#..#.#.......
.........#.##...##.#..#.#........
......##.....###.....###.........
.......##..........###...........
....>.....#....Y@####............
...........#.#+#Y#.##...........#
...........##....##............##
#..........#.....#...........###
.#..........8.>.8#..........##
#................#.........#.#
#...........#.8.#..........###
.#..........#..#........#P#.#
.............#.........######


You could see 2 death yaks.

Vanquished Creatures
  2 boulder beetles (D:11)
  2 hydras (Lair:5)
  Erica (D:8)
  4 death yaks
  3 two-headed ogres
  Sonja (D:10)
  Amaemon (D:8)
  Nergalle (D:10)
  A skeletal warrior (D:10)
  Lodul (D:10)
  A lindwurm (Lair:4)
  Pikel (D:4)
  A cyclops (D:11)
  4 elephants
  4 manticores
  Joseph (D:8)
  2 black mambas
  3 torpor snails
  3 cane toads
  An orange demon (D:8)
  A gargoyle (D:9)
  3 rime drakes
  5 komodo dragons
  3 trolls
  A polar bear (Lair:3)
  A wind drake (Lair:3)
  2 queen bees
  8 meliai (Lair:4)
  A hornet (D:8)
  3 blink frogs (Lair:3)
  6 dream sheep (Lair:4)
  A wraith (D:11)
  4 basilisks
  2 shadows
  A vampire (D:11)
  6 wyverns
  43 yaks
  4 steam dragons
  9 vampire mosquitoes
  A redback (Lair:3)
  3 acid dragons (D:11)
  Duvessa (D:6)
  8 water moccasins
  3 ice beasts
  A hornet zombie (Ossuary)
  A swamp drake (D:11)
  2 black bears
  12 orc warriors
  10 ogres
  12 wolves
  21 centaurs
  2 phantoms
  4 kobold brigands
  2 lemures (D:4)
  Blork the orc (D:4)
  3 bullfrogs
  4 scorpions
  3 necrophages
  3 wyvern zombies (Ossuary)
  A water moccasin zombie (Ossuary)
  A wight (D:5)
  Dowan (D:6)
  66 killer bees
  4 howler monkeys
  5 centaur zombies (Ossuary)
  A bullfrog zombie (Ossuary)
  5 hounds (D:6)
  3 jellies (D:7)
  5 orc priests
  3 gnoll boudas
  Ijyb (D:4)
  Terence (D:3)
  2 iguanas
  8 orc wizards
  Natasha (thrice) (D:4)
  A killer bee zombie (Ossuary)
  14 mummies (Ossuary)
  Robin (D:2)
  3 howler monkey zombies (Ossuary)
  19 gnolls
  10 river rats
  10 adders
  2 shadow imps
  3 white imps
  An ufetubus (D:5)
  4 dart slugs
  2 worms (D:2)
  49 orcs
  6 endoplasms
  4 giant cockroaches
  7 goblins
  4 hobgoblins
  2 jackals (D:1)
  13 quokkas
  9 ball pythons
  A bat (D:2)
  2 frilled lizards
  22 kobolds
  26 rats
564 creatures vanquished.

Vanquished Creatures (others)
  An orc (D:11)
  15 fungi
  29 plants
  9 withered plants (Ossuary)
54 creatures vanquished.

Grand Total: 618 creatures vanquished

Notes
Turn   | Place    | Note
-------+----------+-------------------------------------------
     0 | D:1      | avis the Demigod Ice Elementalist began the quest for the
                  | Orb.
     0 | D:1      | Reached XP level 1. HP: 14/14 MP: 5/5
   211 | D:1      | Reached skill level 1 in Fighting
   419 | D:1      | Reached XP level 2. HP: 23/23 MP: 4/7
  1467 | D:2      | Reached XP level 3. HP: 28/28 MP: 7/9
  1575 | D:2      | Found Ureogaug's Assorted Antiques.
  1846 | D:2      | Learned a level 3 spell: Ozocubu's Armour
  1850 | D:2      | Learned a level 3 spell: Frozen Ramparts
  2155 | D:3      | Noticed Robin
  2173 | D:2      | Killed Robin
  2174 | D:2      | Reached XP level 4. HP: 36/36 MP: 11/11
  2730 | D:3      | Noticed Terence
  2740 | D:3      | Killed Terence
  2823 | D:3      | Reached XP level 5. HP: 41/41 MP: 12/12
  2980 | D:3      | Found a runed translucent door.
  3306 | D:4      | Reached skill level 5 in Ice Magic
  3567 | D:4      | Reached XP level 6. HP: 23/51 MP: 2/13
  4207 | D:4      | Noticed Blork the orc
  4213 | D:4      | Killed Blork the orc
  4371 | D:4      | Noticed Pikel
  4378 | D:4      | Killed Pikel
  4379 | D:4      | Reached XP level 7. HP: 53/60 MP: 4/14
  4457 | D:4      | Noticed Ijyb
  4611 | D:4      | Killed Ijyb
  4669 | D:4      | Noticed Natasha
  4751 | D:4      | Killed Natasha
  4752 | D:4      | Reached skill level 5 in Fighting
  4788 | D:4      | Noticed Natasha
  4803 | D:4      | Killed Natasha
  4944 | D:4      | Noticed Natasha
  4949 | D:4      | Killed Natasha
  5101 | D:4      | Found a staircase to the Ecumenical Temple.
  5164 | D:2      | Bought a glowing great sword for 275 gold pieces
  5616 | D:5      | Entered Level 5 of the Dungeon
  5700 | D:5      | Found Jeesupp's Book Shoppe.
  5832 | D:5      | Reached XP level 8. HP: 68/68 MP: 11/15
  5893 | D:5      | Found a glowing drain.
  5906 | Sewer    | Entered a sewer
  5922 | Sewer    | Reached skill level 1 in Long Blades
  6559 | D:5      | Noticed a troll
  6563 | D:5      | Killed a troll
  6568 | D:5      | Reached skill level 5 in Long Blades
  7690 | Temple   | Entered the Ecumenical Temple
  7853 | D:6      | Reached XP level 9. HP: 44/74 MP: 11/16
  8212 | D:6      | Noticed Duvessa
  8213 | D:6      | Noticed Dowan
  8222 | D:6      | Killed Duvessa
  8245 | D:6      | Killed Dowan
  9442 | D:7      | Identified the +1 ring mail of Enormous Beauty {rElec Int-4
                  | Dex+4 Slay+3}
  9540 | D:7      | Found a sand-covered staircase.
  9545 | Ossuary  | Entered an ossuary
 10163 | D:7      | Reached skill level 10 in Long Blades
 10259 | D:7      | Reached skill level 1 in Ranged Weapons
 10621 | Temple   | Reached skill level 5 in Ranged Weapons
 10621 | Temple   | Reached XP level 10. HP: 81/81 MP: 17/17
 10880 | D:8      | Found a flagged portal.
 10889 | Bailey   | Entered a bailey
 11026 | Bailey   | Reached XP level 11. HP: 66/86 MP: 19/19
 11402 | Bailey   | Reached skill level 6 in Ranged Weapons
 12106 | D:8      | Noticed Joseph
 12124 | D:8      | Killed Joseph
 12275 | D:8      | Noticed Erica
 12286 | D:8      | Killed Erica
 12449 | D:8      | Noticed Amaemon
 12463 | D:8      | Killed Amaemon
 13700 | Temple   | Reached skill level 9 in Ranged Weapons
 13700 | Temple   | Reached XP level 12. HP: 94/94 MP: 20/20
 14291 | D:9      | Noticed a two-headed ogre
 14299 | D:9      | Killed a two-headed ogre
 14311 | D:9      | Reached skill level 10 in Ranged Weapons
 14606 | D:9      | Noticed a two-headed ogre
 14614 | D:9      | Killed a two-headed ogre
 14783 | D:9      | Found Hur Vooc's Weapon Emporium.
 15248 | D:10     | Entered Level 10 of the Dungeon
 15494 | D:10     | Noticed Nergalle
 15494 | D:10     | Noticed a boulder beetle
 15513 | D:10     | Killed Nergalle
 15514 | D:10     | Reached skill level 1 in Shields
 15642 | D:10     | Reached skill level 11 in Ranged Weapons
 15682 | D:10     | Noticed a cyan very ugly thing
 15697 | D:10     | Noticed Lodul
 15714 | D:10     | Killed Lodul
 15870 | D:10     | Found a transporter.
 15873 | D:10     | Found a transporter.
 15903 | D:10     | Noticed a two-headed ogre
 15916 | D:10     | Killed a two-headed ogre
 15917 | D:10     | Reached XP level 13. HP: 76/100 MP: 14/21
 16331 | D:10     | Noticed Sonja
 16339 | D:10     | Killed Sonja
 16410 | D:10     | Found Caddahey's Hydra Hut.
 16414 | D:10     | Bought a +2 hand crossbow of freezing for 256 gold pieces
 17105 | D:11     | Reached skill level 12 in Ranged Weapons
 17242 | D:11     | Found a staircase to the Lair.
 18011 | D:11     | Found a staircase to the Orcish Mines.
 18238 | Lair:1   | Entered Level 1 of the Lair of Beasts
 18621 | Lair:1   | Reached skill level 5 in Shields
 19524 | Lair:2   | Reached skill level 13 in Ranged Weapons
 20985 | Lair:3   | Found a transporter.
 21003 | Lair:3   | Found a transporter.
 21051 | Lair:3   | Found a staircase to the Shoals.
 21439 | Lair:3   | Found a hole to the Spider Nest.
 22041 | Lair:4   | Reached skill level 14 in Ranged Weapons
 22208 | Lair:4   | Reached XP level 14. HP: 88/108 MP: 12/22
 23560 | Lair:5   | Entered Level 5 of the Lair of Beasts
 23612 | Lair:5   | Found a staircase to the Slime Pits.
 23702 | Lair:4   | Reached skill level 15 in Ranged Weapons
 23719 | Lair:4   | Slain by a death yak

Illustrated notes

Levels and vault maps discovered:
D:1:      minmay_arrival_floating_metal, layout_basic,
          chequers_ecumenical_altar_twisty, amcnicky_mini_corridor_feature,
          minmay_small_reverse_x
D:2:      layout_basic, serial_shops, shop
D:3:      layout_basic, lemuel_doored_altar, lemuel_round_altar, uniq_terence,
          uniq_robin, uniq_crazy_yiuf_cottage
D:4:      layout_basic, minmay_temple_entry_from_below_a, uniq_ijyb, uniq_pikel,
          uniq_blork_the_orc, uniq_natasha
D:5:      layout_gridville, chequers_temple_overflow_statue_of_worship,
          serial_shops, shop, portal_sewer_entry_d, hellmonk_bongcloud_opening,
          kennysheep_decorative_pillar, minmay_small_thing
D:6:      lemuel_ratsnest, layout_rooms, overflow_temple_1_default,
          minmay_joined_circles, uniq_duvessa
D:7:      layout_basic, grunt_temple_overflow_gold_and_silver,
          mainiacjoe_overflow_catwalk, dk_xom_monty_hall, enter_ossuary_2
D:8:      layout_gridville, enter_bailey_8, uniq_amaemon, uniq_joseph,
          uniq_erica
D:9:      layout_loops_ring, lemuel_round_altar,
          mainiacjoe_overflow_divided_tiny, serial_shops,
          nicolae_shop_statue_plus, special_room [special_room_bee],
          hangedman_decor_growths
D:10:     gammafunk_corrupted_shrine, layout_long_grid, grunt_ministairs_13,
          doesnt_shop_hydraphobe, uniq_nergalle, uniq_sonja, uniq_lodul
D:11:     layout_cave_pools, minmay_lair_entry_grove, erik_orc_1,
          grunt_potential
Temple:   nicolae_temple_bog_church
Lair:1:   layout_regular_city
Lair:2:   layout_misc_corridors
Lair:3:   gammafunk_worm_tunnel, layout_gridlike, minmay_shoals_entry_beasts,
          spider_nest_entry_rubble
Lair:4:   regret_index_combs_of_tragedy, layout_hall_layers,
          infiniplex_staircase_pool, grunt_megastairs_2, lemuel_fruit_tree
Lair:5:   minmay_lair_end_enchanted_forest, layout_regular_city, slime_entry_1,
          lemuel_fruit_fields

Skill      XL: |  1  2  3  4  5  6  7  8  9 10 11 12 13 14 |
---------------+-------------------------------------------+-----
Fighting       | 1 2 3 4 5 6 |  6.9
Ice Magic      | 4 5 7 |  7.0
Spellcasting   | 2 3 |  3.0
Dodging        | 2 4 |  4.0
Stealth        | 2 |  2.0
Long Blades    | 6 12 14 | 14.0
Ranged Weapons | 5 9 11 14 15 | 15.0
Shields        | 2 6 |  6.0

Action                   |  1- 3 |  4- 6 |  7- 9 | 10-12 | 13-15 || total
-------------------------+-------+-------+-------+-------+-------++-------
Melee: Hand axe          |    16 |    86 |    16 |       |       ||   118
       Great sword       |       |       |   232 |    48 |       ||   280
       Scimitar          |       |       |       |    79 |   369 ||   448
 Fire: Shortbow          |       |       |    24 |       |       ||    24
       Sling             |       |       |    13 |   319 |   347 ||   679
 Cast: Freeze            |    51 |    18 |       |       |       ||    69
       Frozen Ramparts   |       |    12 |    36 |    43 |    79 ||   170
       Ozocubu's Armour  |       |     9 |    53 |    60 |    63 ||   185
  Use: Scroll            |       |       |    14 |     3 |     3 ||    20
       Potion            |       |       |     5 |     4 |     3 ||    12
 Stab: Sleeping          |     5 |     6 |     4 |       |       ||    15
       Distracted        |       |       |       |       |     1 ||     1
Armor: Robe              |     6 |     5 |    58 |       |       ||    69
       Skin              |     2 |       |       |       |       ||     2
       Animal skin       |       |    22 |       |       |       ||    22
       Steam dragon scal |       |       |    52 |    81 |   148 ||   281
Dodge: Dodged            |    30 |    50 |   195 |   203 |   276 ||   754
Block: Buckler           |       |       |       |    14 |   215 ||   229
